 Dungeon Crawl Stone Soup version 0.24.1-5-g77f818bfca (webtiles) character file.

Game seed: 853103624779086451, levelgen mode: deterministic

795 MajorAdolf the Covered (level 7, -1/62 HPs)
             Began as a Naga Wanderer on Apr 24, 2020.
             Slain by a killer bee (3 damage)
             ... on level 5 of the Dungeon.
             The game lasted 00:13:29 (6778 turns).

MajorAdolf the Covered (Naga Wanderer)              Turns: 6778, Time: 00:13:30

Health: -1/62      AC:  8    Str: 14    XL:     7   Next: 89%
Magic:  10/10      EV:  8    Int: 14    God:
Gold:   188        SH:  4    Dex: 11    Spells: 9/10 levels left

rFire    + . .     SeeInvis +   a - +2 dagger
rCold    . . .     Gourm    .   g - +0 buckler
rNeg     . . .     Faith    .   y - +1 scale mail {rF+}
rPois    +         Spirit   .   c - +0 helmet
rElec    .         Reflect  .   (no cloak)
rCorr    .         Harm     .   (no gloves)
MR       .....                  (no barding)
Stlth    ..........             (no amulet)
HPRegen  0.20/turn              (no ring)
MPRegen  0.12/turn              (no ring)

@: very slow
A: large, see invisible, deformed body, poison resistance, slowness 2, slow
metabolism 1, spit poison 1, AC +2
a: Spit Poison


You were on level 5 of the Dungeon.
You were not hungry.

You visited 1 branch of the dungeon, and saw 5 of its levels.

You collected 188 gold pieces.

Inventory:

Hand Weapons
 a - a +2 dagger (weapon)
 z - a +0 hand axe
 A - a +0 war axe
Missiles
 b - a curare-tipped dart (quivered)
 r - 19 poisoned darts
 B - 6 atropa-tipped darts
Armour
 c - a +0 helmet (worn)
 g - a +0 buckler (worn)
 k - a +0 scale mail
 t - a +0 chain mail
 y - a +1 scale mail of fire resistance (worn)
Wands
 m - a wand of flame (26)
 x - a wand of iceblast (5)
Scrolls
 d - 2 scrolls of random uselessness {unknown}
 h - a scroll of teleportation {unknown}
 l - a scroll of blinking {unknown}
 o - 4 scrolls of identify {unknown}
 p - a scroll of remove curse {unknown}
 q - a scroll of amnesia {unknown}
 u - a scroll of magic mapping {unknown}
 w - a scroll of enchant weapon {unknown}
Potions
 e - a potion of ambrosia {unknown}
 i - 3 potions of curing {unknown}
 j - a potion of might {unknown}
 n - a potion of flight {unknown}
 v - a potion of mutation {unknown}
Comestibles
 f - 6 rations


   Skills:
 - Level 3.1 Fighting
 * Level 3.1 Axes
 - Level 1.0 Throwing
 + Level 3.3 Armour
 + Level 2.9 Dodging
 + Level 3.2 Shields
 - Level 2.0 Spellcasting
   Level 2.0 Charms
   Level 1.0 Summonings
 + Level 2.4 Evocations


You had 9 spell levels left.
You knew the following spells:

 Your Spells              Type           Power        Failure   Level  Hunger
a - Apportation           Tloc           #.....       67%         1    ##.....

Your spell library contained the following spells:

 Spells                   Type           Power        Failure   Level  Hunger
 Portal Projectile        Hex/Tloc       #.....       96%         3    ####...


Dungeon Overview and Level Annotations

Branches:
Dungeon (5/15)
 Temple: D:4-7

Altars:
Okawaru

Annotations:
D:4 exclusion: downstairs


Innate Abilities, Weirdness & Mutations

You cannot wear boots.
Your serpentine skin is tough. (AC +2)
You have supernaturally acute eyesight. (SInv)
Armour fits poorly on your strangely shaped body.
Your system is resistant to poisons. (rPois)
You cover ground very slowly.
You have a slow metabolism.
You can spit poison.


Message History

* * * LOW HITPOINT WARNING * * *
The adder bites you.
* * * LOW HITPOINT WARNING * * *
Evoke which item? (* to show all) (? for menu, Esc to quit)
Aiming: Iceblast
Press: ? - help, Shift-Dir - straight line, f/p - killer bee
Aim: a killer bee (heavily wounded) That beam is likely to hit you.
Continue anyway?
The mass of ice explodes!
The iceblast engulfs the killer bee!
The killer bee is almost dead.
The iceblast engulfs the adder!
You kill the adder!
The iceblast engulfs the hound!
The hound is heavily wounded.
The iceblast engulfs you!
* * * LOW HITPOINT WARNING * * *
You hear an angry hiss.
You hear a shout!
You hear an angry hiss.
You hear an angry buzzing noise. x3; You hear a shout!
You hear a bark!
The killer bee stings you.
You die...

###..........#.....
............>..#
...#..........# .
.............##..
.. #........##..#
...#.#.........##
.....##..##.......
#.......hy.....##.
##.......@..##..#
.......####..##..#
....... #..##..
.....#. #..#..
....##. .... ....
.. ... ... ## .. ..


You could see a hound and a killer bee.

Vanquished Creatures
  A centaur (D:3)
  A hound (D:4)
  4 orc priests (D:4)
  A centaur skeleton (D:4)
  5 orc wizards
  Terence (D:1)
  An iguana (D:4)
  Natasha (thrice) (D:2)
  2 worker ants (D:4)
  13 adders
  2 oozes
  2 worms (D:2)
  4 leopard geckos
  9 orcs
  8 giant cockroaches
  3 goblins
  4 hobgoblins
  10 jackals
  5 kobolds
  3 ball pythons
  10 bats
  3 frilled lizards
  A leopard gecko skeleton (D:4)
  13 rats
109 creatures vanquished.

Notes
Turn   | Place    | Note
-------+----------+-------------------------------------------
     0 | D:1      | MajorAdolf the Naga Wanderer began the quest for the Orb.
     0 | D:1      | MajorAdolf set off with the following items: a +2 dagger, a
                  | curare-tipped dart, a +0 spear, a +0 robe, a ration; and
                  | the following spell memorised: Apportation; and the
                  | following spells available to memorise: Portal Projectile
     0 | D:1      | Reached XP level 1. HP: 19/19 MP: 3/3
   329 | D:1      | Reached XP level 2. HP: 25/27 MP: 5/5
  1204 | D:1      | Reached XP level 3. HP: 34/34 MP: 6/6
  2003 | D:2      | Reached skill level 1 in Shields
  2276 | D:2      | Reached XP level 4. HP: 33/42 MP: 7/7
  2498 | D:2      | Noticed Terence
  2532 | D:1      | Killed Terence
  2532 | D:1      | Reached skill level 1 in Dodging
  2942 | D:2      | Reached XP level 5. HP: 49/49 MP: 8/8
  3087 | D:2      | Noticed Natasha
  3097 | D:2      | Killed Natasha
  3131 | D:2      | Noticed Natasha
  3137 | D:2      | Killed Natasha
  3260 | D:2      | Noticed Natasha
  3264 | D:2      | Killed Natasha
  3682 | D:3      | Reached XP level 6. HP: 55/56 MP: 9/9
  4113 | D:3      | Found an iron altar of Okawaru.
  4377 | D:3      | Found a faded altar of an unknown god.
  4498 | D:3      | Reached skill level 1 in Axes
  4837 | D:4      | Reached XP level 7. HP: 54/62 MP: 10/10
  6532 | D:5      | Entered Level 5 of the Dungeon
  6778 | D:5      | HP: 2/62 [shot self (12)]
  6778 | D:5      | Slain by a killer bee

Levels and vault maps discovered:
D:1:      onia_arrival_larder, layout_loops_ring, serial_co_window_serial,
          co_window_paths_b, co_window_cross_1, co_window_of_opportunity_a,
          co_window_of_opportunity_a, co_window_of_opportunity_a,
          co_window_corner_a, co_window_paths_a, co_window_corner_cb,
          co_window_of_opportunity_c, co_window_broadway_c, co_window_cross_2,
          glass_columns_a, glass_columns_b, glass_columns_b,
          minmay_misc_feat_cross
D:2:      layout_rooms, uniq_terence, uniq_natasha
D:3:      layout_basic, chequers_ecumenical_altar_twisty, okawaru_gym_becter
D:4:      layout_basic
D:5:      layout_cave_pools, chequers_temple_overflow_statue_of_worship,
          minmay_temple_entry_waves, first_ration, nemelex_lonely_heart_becter

Skill      XL: |  1  2  3  4  5  6  7 |
---------------+----------------------+-----
Fighting       | 3 |  3.1
Shields        | 1 2 3 |  3.2
Dodging        | 1 2 |  2.9
Armour         | 2 3 |  3.3
Axes           | 1 3 |  3.1
Evocations     | 2 |  2.4
Throwing       | |  1.0
Spellcasting   | |  2.0
Charms         | |  2.0
Summonings     | |  1.0

Action                   |  1- 3 |  4- 6 |  7- 9 || total
-------------------------+-------+-------+-------++-------
Melee: Dagger            |    96 |   194 |   138 ||   428
Throw: Dart              |       |       |     2 ||     2
 Abil: Spit Poison       |    21 |    44 |    34 ||    99
Evoke: Wand              |       |       |     1 ||     1
  Eat: Chunk             |     4 |     9 |     7 ||    20
Armor: Robe              |     7 |       |       ||     7
       Scale mail        |    42 |   108 |    78 ||   228
Dodge: Dodged            |    51 |    84 |    76 ||   211
Block: Buckler           |     8 |    44 |    37 ||    89
